 Dungeon Crawl Stone Soup version 0.30.1-11-g7821555f0a (webtiles) character file.

Game seed: 7768327113391223569

153 SacredBeard the Chopper (level 5, -1/47 HPs)
             Began as a Hill Orc Fighter on Nov 10, 2023.
             Succumbed to a gnoll's poison
             ... on level 3 of the Dungeon.
             The game lasted 00:04:44 (1949 turns).

SacredBeard the Chopper (Hill Orc Fighter)          Turns: 1949, Time: 00:04:44

Health: -1/47      AC:  7    Str: 21    XL:     5   Next: 35%
Magic:  5/5        EV:  9    Int:  8    God:
Gold:   131        SH:  4    Dex: 10    Spells: 4/4 levels left

rFire   . . .        a - +0 war axe
rCold   . . .        c - +0 buckler
rNeg    . . .        b - +0 scale mail
rPois   .            (no helmet)
rElec   .            (no cloak)
rCorr   .            (no gloves)
SInv    .            (no boots)
Will    .....        (no amulet) Stlth
                     (no ring)
HPRegen 0.27/turn    (no ring)
MPRegen 0.09/turn

%: no passive effects
@: lethally poisoned (-1 -> -17)
A: no striking features
a: no special abilities


You were on level 3 of the Dungeon.
You visited 1 branch of the dungeon, and saw 3 of its levels.

You collected 131 gold pieces.

Inventory:

Hand Weapons
 a - a +0 war axe (weapon)
Missiles
 h - 21 stones (quivered)
 l - a throwing net
 q - 2 atropa-tipped darts
Armour
 b - a +0 scale mail (worn)
 c - a +0 buckler (worn)
 s - a +1 leather armour of cold resistance
Scrolls
 f - 2 scrolls of amnesia {unknown}
 m - a scroll of teleportation {unknown}
 n - 3 scrolls of identify {unknown}
Potions
 d - a potion of might
 e - a potion of lignification {unknown}
 g - 2 potions of brilliance {unknown}
 i - a potion of berserk rage {unknown}
 j - a potion of cancellation {unknown}
 k - a potion of flight {unknown}
 o - 3 potions of degeneration {unknown}
 p - a potion of heal wounds {unknown}
 r - a potion of curing {unknown}


   Skills:
 + Level 4.3 Fighting
 * Level 4.6 Axes
 + Level 0.9 Throwing
 - Level 4.0 Armour
 - Level 1.0 Dodging
 - Level 4.0 Shields


You had 4 spell levels left.
You didn't know any spells.
Your spell library contained the following spells:

 Spells                   Type           Power      Damage    Failure   Level
 Lesser Beckoning         Tloc           0%         N/A       91%         2
 Poisonous Vapours        Pois/Air       0%         N/A       91%         2
 Call Canine Familiar     Summ           0%         N/A       99%         3
 Gell's Gravitas          Tloc           0%         N/A       99%         3
 Inner Flame              Hex/Fire       0%         N/A       99%         3
 Mephitic Cloud           Conj/Pois/Air  0%         N/A       99%         3
 Portal Projectile        Hex/Tloc       0%         N/A       99%         3
 Teleport Other           Tloc           0%         N/A       99%         3
 Leda's Liquefaction      Hex/Erth       0%         N/A       100%        4
 Freezing Cloud           Conj/Ice/Air   0%         6-21      100%        5
 Yara's Violent Unravell  Hex/Tmut       0%         3d3       100%        5
 Enfeeble                 Hex            0%         N/A       100%        7


Dungeon Overview and Level Annotations

Branches:
Dungeon (3/15) Zot: 15983

Altars:

Annotations:
D:3 Robin


Message History

The jackal closely misses you. The hound bites you.
The goblin hits you but does no damage.
You closely miss the goblin. You closely miss the jackal. You hit the hound.
You kill the hound!
You block the jackal's attack.
The gnoll throws a poisoned dart.
The poisoned dart hits you.
You are poisoned.
The goblin closely misses you. The jackal closely misses you.
Training target 4.0 for Shields reached!
Training target 4.0 for Armour reached!
Your Armour skill increases to level 4!
Your Shields skill increases to level 4!
You closely miss the goblin. You hit the jackal.
You kill the jackal!
You closely miss the howler monkey.
You feel sick. The howler monkey hits you. The goblin hits you with a +0 club.
* * * LOW HITPOINT WARNING * * *
The howler monkey hits you.
* * * LOW HITPOINT WARNING * * *
The goblin attacks as you move away! The goblin barely misses you.
You feel sick.
The gnoll throws a poisoned dart.
The poisoned dart hits you!
You are lethally poisoned!
You slash the goblin!
You kill the goblin!
You barely miss the gnoll.
* * * LOW HITPOINT WARNING * * *
You feel very sick.
A jackal comes into view.
The gnoll barely misses you.
The howler monkey completely misses you.
The gnoll attacks as you move away! The gnoll hits you but does no damage.
* * * LOW HITPOINT WARNING * * *
You feel sick.
The jackal barks!
The gnoll throws a poisoned dart.
The poisoned dart hits you!
You are more poisoned.
A goblin comes into view. It is wielding a +0 dagger.
Unknown command.
The gnoll attacks as you move away! The gnoll closely misses you.
You die...

#######################
......†...)g.@........#
...P..g....h.†...P....#
~~~~~~≈≈~~~~~~~≈~~....#
~~≈≈≈≈~≈≈≈≈≈≈≈≈≈≈~....#
~~~≈~~~ogg≈#####≈~....#
......h..hg#ggg#≈~....#
##########g#o..#≈≈P...########
g.#g###≈~....#.#..... ..#.
.≈≈≈....#.'.....


You could see a howler monkey, Robin, 7 gnolls, 2 orcs, 2 jackals and a
hobgoblin (strong).

Vanquished Creatures
  A hound (D:3)
  Ijyb (D:3)
  An adder (D:2)
  A worm (D:2)
  4 dart slugs
  7 endoplasms
  A giant cockroach (D:1)
  6 goblins
  8 hobgoblins
  12 jackals
  6 kobolds
  A quokka (D:1)
  6 ball pythons
  7 bats
  3 frilled lizards
  3 rats
68 creatures vanquished.

Notes
Turn   | Place    | Note
-------+----------+-------------------------------------------
     0 | D:1      | SacredBeard the Hill Orc Fighter began the quest for the
                  | Orb.
     0 | D:1      | Reached XP level 1. HP: 19/19 MP: 1/1
    17 | D:1      | Found a faded altar of an unknown god.
    82 | D:1      | Reached XP level 2. HP: 27/27 MP: 2/2
   325 | D:1      | Reached XP level 3. HP: 33/33 MP: 3/3
   813 | D:2      | Reached skill level 1 in Dodging
   813 | D:2      | Reached XP level 4. HP: 40/40 MP: 4/4
  1625 | D:3      | Noticed Ijyb
  1660 | D:3      | Killed Ijyb
  1928 | D:3      | Reached XP level 5. HP: 46/46 MP: 5/5
  1937 | D:3      | Noticed Robin
  1948 | D:3      | HP: 2/47 [poisoned by a gnoll]
  1949 | D:3      | Succumbed to a gnoll's poison

Illustrated notes

Levels and vault maps discovered:
D:1:      saegor_arrival_simple_b, layout_loops_ring,
          hellmonk_ecumenical_altar_run_dry, chequers_serial_rivers_small_a,
          st_stairs_3, minivault_23
D:2:      layout_basic, minmay_misc_feat_more_columns
D:3:      lemuel_castle_with_subvaults [lemuel_castle_interior_carwin_3],
          layout_basic, mainiacjoe_overflow_concentric_impassable,
          nicolae_overflow_squiral, minmay_joined_circles, uniq_robin, uniq_ijyb

Skill      XL: |  1  2  3  4  5 |
---------------+----------------+-----
Axes           | 3 4 |  4.6
Fighting       | 4 |  4.3
Dodging        | 1 |  1.0
Armour         | 4 |  4.0
Shields        | 4 |  4.0
Throwing       | |  0.9

Action                     |  1- 3 |  4- 6 || total
---------------------------+-------+-------++-------
  Melee: War axe           |    90 |   107 ||   197
 Armour: Scale mail        |    66 |    55 ||   121
  Dodge: Dodged            |    54 |    63 ||   117
  Block: Buckler           |    27 |    26 ||    53
